 Dungeon Crawl Stone Soup version 0.30-a0-250-g41c1d76940 (webtiles) character file.

Game seed: 1433941785114616176

627 themarg the Fighter (level 7, -1/72 HPs)
             Began as a Minotaur Monk on Oct 12, 2022.
             Slain by a scorpion (2 damage)
             ... on level 5 of the Dungeon.
             The game lasted 00:08:33 (3743 turns).

themarg the Fighter (Minotaur Monk)                 Turns: 3743, Time: 00:08:34

Health: -1/72      AC:  5    Str: 17    XL:     7   Next: 23%
Magic:  6/6        EV: 12    Int:  7    God:
Gold:   228        SH:  0    Dex: 13    Spells: 6/6 levels left

rFire   . . .      SeeInvis .    l - +5 long sword of Cecew {freeze, rC+}
rCold   + . .      Faith    .    (no shield)
rNeg    . . .      Spirit   .    p - +0 ring mail
rPois   .          Reflect  .    (helmet restricted)
rElec   .          Harm     .    (no cloak)
rCorr   .          Rampage  .    (no gloves)
Will    .....                    (no boots)
Stlth   +.........               (no amulet)
HPRegen 0.32/turn                (no ring)
MPRegen 0.10/turn                (no ring)

@: lethally poisoned (-1 -> -10)
A: horns 2, retaliatory headbutt
a: no special abilities


You were on level 5 of the Dungeon.
You visited 2 branches of the dungeon, and saw 6 of its levels.

You collected 228 gold pieces.

Inventory:

Hand Weapons
 a - a +0 hand axe
 l - the +5 long sword of Cecew (weapon) {freeze, rC+}
   (You found it on level 2 of the Dungeon)

   It freezes those it strikes, dealing additional cold damage.
   It can also slow down cold-blooded creatures.
   rC:        It protects you from cold.
Missiles
 b - 4 boomerangs (quivered)
 d - 52 stones
 s - a throwing net
Armour
 g - a +0 kite shield
 p - a +0 ring mail (worn)
Jewellery
 e - a ring of protection from cold
Scrolls
 h - 2 scrolls of teleportation
 m - a scroll of fog {unknown}
 u - a scroll of torment {unknown}
Potions
 f - 3 potions of heal wounds {unknown}
 i - a potion of attraction {unknown}
 j - 2 potions of lignification
 k - 3 potions of cancellation
 n - a potion of magic {unknown}
 o - 3 potions of curing
 q - a potion of mutation {unknown}
 r - a potion of might {unknown}
 t - a potion of brilliance {unknown}


   Skills:
 - Level 10.0 Fighting
 - Level 3.6 Axes
 + Level 3.6 Dodging
 - Level 1.5 Stealth


You had 6 spell levels left.
You didn't know any spells.
Your spell library contained the following spells:

 Spells                   Type           Power      Damage    Failure   Level
 Blink                    Tloc           0%         N/A       78%         2
 Ensorcelled Hibernation  Hex/Ice        0%         N/A       78%         2
 Momentum Strike          Conj/Tloc      0%         3d8       78%         2
 Inner Flame              Hex/Fire       0%         N/A       95%         3
 Lesser Beckoning         Tloc           0%         N/A       95%         3
 Spider Form              Tmut/Pois      0%         N/A       95%         3
 Anguish                  Hex/Necr       0%         N/A       100%        4
 Flame Wave               Conj/Fire      0%         2d4       100%        4
 Sticky Flame             Conj/Fire      0%         2d3       100%        4
 Borgnjor's Revivificati  Necr           0%         N/A       100%        8
 Necromutation            Tmut/Necr      0%         N/A       100%        8
 Death's Door             Necr           0%         N/A       100%        9


Dungeon Overview and Level Annotations

Branches:
Dungeon (5/15)             Temple (1/1) D:5

Altars:
Ashenzari
Dithmenos
Elyvilon
Gozag
Kikubaaqudgha
Qazlal
Ru
Trog
Uskayaw
Wu Jian
Xom
Yredelemnul
The Shining One


Innate Abilities, Weirdness & Mutations

You have a pair of horns on your head.
You reflexively headbutt those who attack you in melee.


Message History

The orc hits you with a +0 dagger.
* * * LOW HITPOINT WARNING * * *
Something hits you but does no damage. The orc hits you with a +0 club.
* * * LOW HITPOINT WARNING * * *
Something hits you.
* * * LOW HITPOINT WARNING * * *
The scorpion closely misses you.
Training target 10.0 for Fighting reached!
Your Fighting skill increases to level 10!
You need to enable at least one skill for training.
You have reached level 7!
Okay, then.
You are too confused!
You barely miss something. The orc hits you with a +0 dagger.
* * * LOW HITPOINT WARNING * * *
Something hits you but does no damage. The orc hits you with a +0 club.
* * * LOW HITPOINT WARNING * * *
The scorpion stings you.
* * * LOW HITPOINT WARNING * * *
You slash the orc wizard! You freeze the orc wizard.
You kill the orc wizard!
The scorpion stings you but does no damage.
The orc barely misses you. x2; Something hits you.
* * * LOW HITPOINT WARNING * * *
The dart slug launches a dart at you.
The slug dart hits something.
The scorpion completely misses you.
The orc hits you but does no damage. x2; Something hits you.
* * * LOW HITPOINT WARNING * * *
Something hits you.
* * * LOW HITPOINT WARNING * * *
You slash the scorpion! You freeze the scorpion.
The scorpion is almost dead.
You feel less confused. The scorpion stings you.
* * * LOW HITPOINT WARNING * * *
You are lethally poisoned!
The scorpion poisons you! The orc completely misses you.
The orc hits you but does no damage. Something hits you but does no damage.
The scorpion stings you.
You die...

..# ..... ..=# ...#....#
...# ...#....# # ...l#
........# #.
#w#os##...#.#.# #..
##{##..........# .
#...##@).##.....#.#.#..
......oos[...........##+
.#...##...##....#.......
#....##.##o...##.......
#. #(.#.#..##..........
# #....o##...........
##...##h........###
#..#...#..........#..
#................#..


You could see a scorpion, a dart slug and 2 orcs.

Vanquished Creatures
  A water moccasin (D:5)
  2 ogres
  A scorpion (D:4)
  A hound (Temple)
  A gnoll bouda (D:4)
  An iguana (D:5)
  2 orc wizards
  4 gnolls (D:4)
  4 adders
  A shadow imp (D:5)
  2 dart slugs
  3 orcs (D:3)
  4 ball pythons
  3 bats
  9 endoplasms
  3 giant cockroaches
  12 goblins
  6 hobgoblins
  2 jackals (D:2)
  6 quokkas
  8 frilled lizards
  9 kobolds
  4 rats
89 creatures vanquished.

Vanquished Creatures (others)
  An orc wizard (D:5)
1 creature vanquished.

Grand Total: 90 creatures vanquished

Notes
Turn   | Place    | Note
-------+----------+-------------------------------------------
     0 | D:1      | themarg the Minotaur Monk began the quest for the Orb.
     0 | D:1      | Reached XP level 1. HP: 19/19 MP: 0/0
   161 | D:1      | Reached skill level 4 in Fighting
   336 | D:1      | Reached XP level 2. HP: 19/28 MP: 1/1
   786 | D:2      | Reached skill level 5 in Fighting
   794 | D:2      | Reached XP level 3. HP: 30/36 MP: 2/2
   892 | D:2      | Identified the +5 long sword of Cecew {freeze, rC+}
  1044 | D:2      | Found a shimmering altar of Xom.
  1540 | D:3      | Reached skill level 6 in Fighting
  1540 | D:3      | Reached XP level 4. HP: 42/44 MP: 3/3
  2114 | D:3      | Noticed an ogre
  2128 | D:3      | Killed an ogre
  2129 | D:3      | Reached skill level 7 in Fighting
  2129 | D:3      | Reached XP level 5. HP: 44/53 MP: 4/4
  2279 | D:4      | Found an ancient bone altar of Kikubaaqudgha.
  2615 | D:4      | Reached skill level 8 in Fighting
  2669 | D:4      | Found a hide-covered altar of Uskayaw.
  2733 | D:4      | Reached XP level 6. HP: 49/62 MP: 5/5
  3171 | D:4      | Reached skill level 9 in Fighting
  3272 | D:5      | Entered Level 5 of the Dungeon
  3353 | D:5      | Found a bloodstained altar of Trog.
  3460 | D:5      | Found a staircase to the Ecumenical Temple.
  3473 | D:5      | Noticed a water moccasin
  3475 | Temple   | Entered the Ecumenical Temple
  3740 | D:5      | Killed a water moccasin
  3741 | D:5      | Reached skill level 10 in Fighting
  3741 | D:5      | Reached XP level 7. HP: 12/72 MP: 6/6
  3742 | D:5      | HP: 2/72 [something (2)]
  3743 | D:5      | Slain by a scorpion

Illustrated notes

Levels and vault maps discovered:
D:1:      psy_arrival_conway, layout_basic, chequers_arboretum,
          minmay_tetromino_l2
D:2:      layout_basic, basic_altar, grunt_decor_one_mirror,
          minmay_split_cup_large
D:3:      layout_loops_ring, solitary_fountain, minmay_ogre_servants
D:4:      layout_basic, eat_drink_and_be_merry_uskayaw,
          mainiacjoe_overflow_tiny_flanked
D:5:      layout_gridville, mainiacjoe_overflow_concentric_impassable,
          beargit_hepliaklqana_dungeon_heroes, minmay_temple_entry_waves,
          serial_glass, glass_columns_a, glass_columns_c, glass_columns_a,
          glass_columns_a, glass_columns_c, glass_columns_c, glass_columns_c,
          glass_columns_a, glass_columns_b, glass_columns_c
Temple:   nicolae_temple_bog_church

Skill      XL: |  1  2  3  4  5  6 |
---------------+-------------------+-----
Fighting       | 4 5 6 7 8 10 | 10.0
Axes           | |  3.6
Dodging        | |  3.6
Stealth        | |  1.5

Action                   |  1- 3 |  4- 6 |  7- 9 || total
-------------------------+-------+-------+-------++-------
Melee: Hand axe          |    45 |       |       ||    45
       Headbutt          |    11 |    10 |       ||    21
       Long sword        |    18 |   101 |     3 ||   122
       Punch             |       |     2 |       ||     2
Throw: Boomerang         |       |     7 |       ||     7
  Use: Scroll            |       |     5 |       ||     5
       Potion            |       |     1 |       ||     1
 Stab: Sleeping          |     1 |       |       ||     1
Armor: Robe              |     1 |       |       ||     1
       Leather armour    |    11 |       |       ||    11
       Ring mail         |     1 |    43 |     6 ||    50
Dodge: Dodged            |    41 |    86 |     4 ||   131

Table legend: (Time is in decaauts)
 A = Elapsed time spent in this place.
 B = Non-inter-level travel time spent in this place.
 C = Inter-level travel time spent in this place.
 D = Time resting spent in this place.
 E = Time spent auto-exploring this place.
 F = Levels seen in this place.
 G = Mean time per level.
                   A        B        C        D        E       F      G
               +--------+--------+--------+--------+--------+-----+--------+
         Total |   3813 |   3678 |    135 |    313 |   2643 |   6 |  635.5 |
       Dungeon |   3546 |   3411 |    135 |    280 |   2469 |   5 |  709.2 |
        Temple |    266 |    266 |      0 |     33 |    173 |   1 |  266.0 |
               +--------+--------+--------+--------+--------+-----+--------+

Top non-repeatable levels by time:
     D:3: 905 daAuts
     D:4: 871 daAuts
     D:1: 789 daAuts
     D:2: 757 daAuts
  Temple: 266 daAuts
     D:5: 223 daAuts
